 Dungeon Crawl Stone Soup version 0.29-a0-521-g59ce8b2d47 (webtiles) character file.

Game seed: 13439919072788337284

49 Nedwor the Cudgeller (level 3, 0/36 HPs)
             Began as a Troll Berserker on June 1, 2022.
             Was a Believer of Trog.
             Slain by an orc
             ... wielding a +0 hand axe
              (5 damage)
             ... on level 2 of the Dungeon.
             The game lasted 00:01:31 (1415 turns).

Nedwor the Cudgeller (Troll Berserker)              Turns: 1415, Time: 00:01:32

Health: 0/36       AC:  4    Str: 27    XL:     3   Next: 53%
Magic:  2/2        EV: 10    Int:  3    God:    Trog [**....]
Gold:   89         SH:  0    Dex:  9    Spells: 2/2 levels left

rFire   . . .      SeeInvis .   a - +0 mace
rCold   . . .      Faith    .   (no shield)
rNeg    . . .      Spirit   .   b - +0 animal skin
rPois   .          Reflect  .   (helmet restricted)
rElec   .          Harm     .   (no cloak)
rCorr   .          Rampage  .   (gloves unavailable)
Will    +....                   (boots unavailable)
Stlth   +.........              (no amulet)
HPRegen 0.92/turn               c - ring of willpower
MPRegen 0.08/turn               (no ring)

@: no status effects
A: large, unfitting armour, claws 3, regeneration 1, shaggy fur 1, tough skin 1
a: Renounce Religion, Berserk, Trog's Hand


You were on level 2 of the Dungeon.
You worshipped Trog.
Trog was pleased with you.
You visited 1 branch of the dungeon, and saw 2 of its levels.

You collected 89 gold pieces.

Inventory:

Hand Weapons
 a - a +0 mace (weapon)
Armour
 b - a +0 animal skin (worn)
Jewellery
 c - a ring of willpower (left claw)
Wands
 n - a wand of flame (29)
Scrolls
 d - a scroll of noise {unknown}
 f - a scroll of identify {unknown}
 g - a scroll of blinking {unknown}
 i - a scroll of vulnerability {unknown}
 j - a scroll of amnesia {unknown}
 k - a scroll of acquirement {unknown}
 l - a scroll of immolation {unknown}
 m - a scroll of silence {unknown}
 o - a scroll of enchant armour {unknown}
Potions
 e - a potion of invisibility {unknown}
 h - a potion of haste {unknown}


   Skills:
 + Level 2.9 Fighting
 * Level 3.7 Maces & Flails
 - Level 2.4 Dodging


You had 2 spell levels left.
You didn't know any spells.
Your spell library was empty.

Dungeon Overview and Level Annotations

Branches:
Dungeon (2/15)

Altars:


Innate Abilities, Weirdness & Mutations

You are too large for most types of armour.
You have claws for hands.
Your natural rate of healing is unusually fast.
You are covered in fur. (AC +1)
You have tough skin. (AC +1)


Message History

You hit the frilled lizard.
You kill the frilled lizard!
Trog accepts your kill. The bat hits you but does no damage.
An orc priest comes into view. It is wielding a +0 club.
The quokka completely misses you.
You closely miss the frilled lizard. The bat barely misses you.
The bat closely misses you. The quokka closely misses you.
The frilled lizard closely misses you.
You hit the orc but do no damage. The bat hits you but does no damage.
The bat closely misses you. The quokka bites you. The frilled lizard bites you.
The orc hits you with a +2 flail of holy wrath!
The quokka bites you but does no damage.
The orc hits you with a +2 flail of holy wrath!
The frilled lizard misses you.
You are too injured to fight recklessly!
You are too injured to fight recklessly!
You are too injured to fight recklessly!
You are too injured to fight recklessly!
Unknown command.
You sock the bat!
You kill the bat!
Trog accepts your kill. The quokka barely misses you.
The frilled lizard completely misses you.
The orc closely misses you. The orc hits you but does no damage.
The quokka attacks as you move away! The quokka bites you.
The orc hits you with a +2 flail of holy wrath!
* * * LOW HITPOINT WARNING * * *
The orc hits you but does no damage. The orc priest hits you with a +0 club.
* * * LOW HITPOINT WARNING * * *
The quokka bites you but does no damage.
You hit the orc priest.
The orc priest is moderately wounded.
The frilled lizard bites you.
* * * LOW HITPOINT WARNING * * *
The orc hits you but does no damage.
The quokka bites you but does no damage.
The orc hits you with a +0 hand axe.
You die...

#..)##.##....
##.....
##..#..#(.[[
#.....
#..#..#[(#
#....#
#..#....?
#...##
#..#....
#..##..#
##..#J†######
##.#rl..!...
#.o@o.....#
##.o....###
...........
#.###.####.#
#. .. # # .##
.# ##


You could see an orc priest, 2 orcs, an endoplasm, a quokka and a frilled
lizard.

Vanquished Creatures
  An adder (D:2)
  4 worms (D:2)
  5 bats
  2 endoplasms
  4 hobgoblins
  A quokka (D:2)
  4 frilled lizards
  7 kobolds
  3 rats (D:1)
31 creatures vanquished.

Vanquished Creatures (others)
  A fungus (D:1)
1 creature vanquished.

Grand Total: 32 creatures vanquished

Notes
Turn   | Place    | Note
-------+----------+-------------------------------------------
     0 | D:1      | Nedwor the Troll Berserker began the quest for the Orb.
     0 | D:1      | Reached XP level 1. HP: 22/22 MP: 0/0
   198 | D:1      | Reached skill level 3 in Maces & Flails
   297 | D:1      | Reached XP level 2. HP: 28/29 MP: 1/1
   414 | D:1      | Found a faded altar of an unknown god.
  1275 | D:2      | Reached XP level 3. HP: 20/36 MP: 2/2
  1403 | D:2      | Reached ** piety under Trog
  1415 | D:2      | Slain by an orc

Illustrated notes

Levels and vault maps discovered:
D:1:      dpeg_arrival_boxorama, layout_basic,
          shapermc_ecumenical_altar_mp_urbaneastern
D:2:      layout_loops_corners, minmay_randomly_rotated_circles

Skill      XL: |  1 |
---------------+----+-----
Maces & Flails | 3 |  3.7
Fighting       | |  2.9
Dodging        | |  2.4

Action                   || total
-------------------------++-------
Melee: Mace              ||    91
 Stab: Sleeping          ||     1
Armor: Animal skin       ||    38
Dodge: Dodged            ||    55

Table legend: (Time is in decaauts)
 A = Elapsed time spent in this place.
 B = Non-inter-level travel time spent in this place.
 C = Inter-level travel time spent in this place.
 D = Time resting spent in this place.
 E = Time spent auto-exploring this place.
 F = Levels seen in this place.
 G = Mean time per level.
                   A        B        C        D        E       F      G
               +--------+--------+--------+--------+--------+-----+--------+
         Total |   1436 |   1388 |     48 |      0 |   1152 |   2 |  718.0 |
       Dungeon |   1436 |   1388 |     48 |      0 |   1152 |   2 |  718.0 |
               +--------+--------+--------+--------+--------+-----+--------+

Top non-repeatable levels by time:
     D:1: 1165 daAuts
     D:2: 271 daAuts
